 Dungeon Crawl Stone Soup version 0.25-a0-730-g633e9c3c14 (webtiles) character file.

Game seed: 1931372776440591660, levelgen mode: deterministic

52 kae the Ruffian (level 3, -1/28 HPs)
             Began as a Draconian Transmuter on Apr 7, 2020.
             Slain by Sigmund
             ... wielding a +2 scythe of freezing
              (16 damage)
             ... on level 3 of the Dungeon.
             The game lasted 00:01:06 (1489 turns).

kae the Ruffian (Draconian Transmuter)              Turns: 1489, Time: 00:01:07

Health: -1/28      AC:  2    Str: 13    XL:     3   Next: 60%
Magic:  3/6        EV: 19    Int: 13    God:
Gold:   62         SH:  0    Dex: 16    Spells: 1/7 levels left

rFire    . . .     SeeInvis .     - Unarmed
rCold    . . .     Gourm    .   (shield currently unavailable)
rNeg     . . .     Faith    .   (armour unavailable)
rPois    x         Spirit   .   (helmet currently unavailable)
rElec    .         Reflect  .   (cloak currently unavailable)
rCorr    .         Harm     .   (gloves currently unavailable)
MR       .....                  (boots currently unavailable)
Stlth    +.........             (no amulet)
HPRegen  0.09/turn              (no ring)
MPRegen  0.10/turn              (no ring)

@: confused, spider-form (expiring)
A: tiny, unfitting armour, AC +5
a: End Transformation


You were on level 3 of the Dungeon.
You were hungry.
You were a venomous arachnid creature.
You visited 1 branch of the dungeon, and saw 3 of its levels.

You collected 62 gold pieces.

Inventory:

Hand Weapons
 g - a +0 whip
 i - a cursed -1 hand axe (melded)
Missiles
 a - 12 arrows
Jewellery
 d - an uncursed ring of wizardry {unknown}
 f - an uncursed amulet of harm {unknown}
Scrolls
 b - a scroll of enchant armour
Potions
 e - a potion of flight {unknown}
 h - a potion of resistance {unknown}
 j - a potion of invisibility {unknown}
 l - a potion of heal wounds {unknown}
 m - a potion of degeneration {unknown}
Comestibles
 c - 2 rations


   Skills:
 - Level 1.1 Fighting
 - Level 1.7 Dodging
 * Level 3.9 Unarmed Combat
 + Level 2.5 Spellcasting
 + Level 2.5 Transmutations


You had one spell level left.
You knew the following spells:

 Your Spells              Type           Power        Failure   Level  Hunger
a - Beastly Appendage     Tmut           #.....       22%         1    #......
b - Sticks to Snakes      Tmut           #.......     30%         2    ###....
c - Spider Form           Tmut/Pois      #.........   63%         3    ###....

Your spell library contained the following spells:

 Spells                   Type           Power        Failure   Level  Hunger
 Ice Form                 Ice/Tmut       #.......     93%         4    #####..
 Blade Hands              Tmut           #.........   98%         5    ######.


Dungeon Overview and Level Annotations

Branches:
Dungeon (3/15)

Altars:

Annotations:
D:3 Sigmund


Innate Abilities, Weirdness & Mutations

((Your plain brown scales are hard. (AC +5)))
You cannot fit into any form of body armour.
((You are cold-blooded and may be slowed by cold attacks.))


Message History

You are too injured to fight recklessly!
You are too injured to fight recklessly!
You are too injured to fight recklessly!
You are too injured to fight recklessly!
You are too injured to fight recklessly!
You are too injured to fight recklessly!
You are too injured to fight recklessly!
You bite Sigmund!
Sigmund is poisoned.
Sigmund is moderately wounded.
You hit Sigmund but do no damage.
Sigmund is moderately wounded.
Sigmund casts a spell.
Sigmund flickers and vanishes!
Deactivating autopickup; reactivate with Ctrl-A.
You closely miss something.
You hear some strange, mumbled words.
You are confused.
Something hits you!
Ouch! That really hurt!
You die...

# .# #. #.
#. #.##
#<##
#.####s#.#
#...{...#
#..######
... #


There were no monsters in sight!

Vanquished Creatures
  A leopard gecko (D:2)
  3 bats (D:1)
  A giant cockroach (D:2)
  7 goblins
  6 hobgoblins
  8 jackals
  A quokka (D:2)
  A ball python (D:2)
  A frilled lizard (D:2)
  9 kobolds
  5 rats
43 creatures vanquished.

Notes
Turn   | Place    | Note
-------+----------+-------------------------------------------
     0 | D:1      | kae the Draconian Transmuter began the quest for the Orb.
     0 | D:1      | Reached XP level 1. HP: 16/16 MP: 3/3
   148 | D:1      | Reached XP level 2. HP: 23/23 MP: 3/5
   899 | D:2      | Reached XP level 3. HP: 27/28 MP: 6/6
  1346 | D:3      | Noticed Sigmund
  1455 | D:2      | Learned a level 2 spell: Sticks to Snakes
  1459 | D:2      | Learned a level 3 spell: Spider Form
  1489 | D:3      | Slain by Sigmund

Levels and vault maps discovered:
D:1:      kennysheep_arrival_forest, layout_loops_ring
D:2:      minmay_kobold_bridge, layout_loops_ring, first_ration
D:3:      layout_loops_ring, nicolae_dithmenos_shadow_blocks,
          kennysheep_generic_room_16, uniq_sigmund

Action                   || total
-------------------------++-------
Melee: Unarmed           ||    19
       Whip              ||    44
       Headbutt          ||    10
       Tailslap          ||     7
       Kick              ||     2
       Hand axe          ||    52
       Punch             ||     1
 Cast: Beastly Appendage ||    19
       Spider Form       ||     1
  Use: Scroll            ||     2
 Stab: Sleeping          ||     1
  Eat: Chunk             ||     2
Armor: Skin              ||    46
Dodge: Dodged            ||    97

Table legend:
 A = Non-vault XP
 B = Vault XP
 C = Vault XP percentage of total XP
 D = Non-vault monster count
 E = Vault monster count
 F = Vault count percentage of total count
                 A         B        C        D         E       F
            +---------+---------+-------+---------+---------+-------
      Total |      68 |       7 |   9.3 |      39 |       4 |   9.3
            +---------+---------+-------+---------+---------+-------
        D:1 |      36 |       0 |   0.0 |      21 |       0 |   0.0
        D:2 |      32 |       7 |  17.9 |      18 |       4 |  18.2
            +---------+---------+-------+---------+---------+-------
